Map: Proxima Station LE

Players

ArloJenkins

  • Race: Terran Terran
  • League: Gold
  • Spawn Location: 7:00

Fropez - Winner!

  • Race: Protoss Protoss
  • League: Gold
  • Spawn Location: 1:00

VOD

Have the link to the VOD?

Description

Time

  • Played on: Jan. 24, 2017, 8:54 p.m.
  • Length: 8:38
Show
View Real Time Build Order
Export as new Build Order

ArloJenkins Terran 

Build Orders:  

Get SALT Encoding   

  12  0:03  SCV  
  13  0:15  SCV  
  13  0:20  Supply Depot  
  14  0:27  SCV  
  15  0:30  Refinery  
  15  0:42  SCV  
  16  0:46  Barracks  
  16  0:54  SCV  
  17  1:00  Refinery  
  17  1:06  SCV  
  18  1:18  SCV  
  19  1:30  SCV  
  20  1:33  Marine  
  20  1:38  Factory  
  21  1:43  Orbital Command  
  21  2:00  Barracks Reactor  
  21  2:09  SCV  
  21  2:10  Supply Depot  
  22  2:21  SCV  
  23  2:31  Widow Mine  
  23  2:33  SCV, Starport  
  26  2:37  Marine x2  
  26  2:42  Supply Depot  
  28  2:45  SCV  
  29  2:53  Supply Depot  
  29  2:55  Marine x2  
  31  3:03  Widow Mine  
  31  3:04  SCV  
  33  3:17  Medivac  
  33  3:18  SCV  
  36  3:33  Factory Tech Lab  
  36  3:36  Marine x2  
  38  3:47  SCV  
  41  3:57  Siege Tank  
  41  3:59  SCV  
  41  4:00  Starport Reactor  
  43  4:06  Command Center  
  43  4:11  SCV  
  43  4:13  Marine x2  
  46  4:26  SCV  
  47  4:33  Supply Depot  
  47  4:34  Supply Depot  
  47  4:43  Barracks  
  47  4:45  Barracks x2  
  47  4:54  Marine x2  
  47  4:55  SCV  
  51  5:07  SCV  
  49  5:16  Marine x2  
  49  5:17  Medivac x2  
  49  5:19  Siege Tank, SCV  
  59  5:33  Barracks Reactor x2  
  59  5:34  Marine, Barracks Tech Lab  
  60  5:44  Marine  
  61  5:51  Siege Tank  
  61  5:52  Barracks  
  61  5:53  Barracks  
  64  6:04  Marine x2  
  64  6:09  Marine x3  
  64  6:10  Marine  
  70  6:17  SCV  
  71  6:27  Refinery  
  71  6:29  Refinery  
  71  6:32  Marine x3  
  73  6:33  Marine  
  73  6:34  Marine  
  76  6:49  Barracks Tech Lab x2  
  76  6:52  Marine x3  
  76  6:53  Marine  
  78  7:05  Supply Depot  
  78  7:06  Supply Depot  
  78  7:07  Orbital Command, Supply Depot  
  78  7:14  Marine  
  78  7:25  Marine  
  78  7:26  Marine  
  78  7:27  Marine x2, Marauder  
  69  8:03  Engineering Bay  
  69  8:05  Engineering Bay  
  45  8:23  SCV  
Show
View Real Time Build Order
Export as new Build Order

Fropez Protoss - Winner!

Build Orders: 1 Gate Expand 

Get SALT Encoding   

  12  0:01  Probe (Chrono Boost)  
  13  0:12  Probe (Chrono Boost)  
  14  0:25  Pylon  
  14  0:28  Probe (Chrono Boost)  
  15  0:37  Assimilator  
  15  0:48  Probe (Chrono Boost)  
  16  0:57  Gateway  
  16  0:59  Probe (Chrono Boost)  
  17  1:19  Probe (Chrono Boost)  
  17  1:23  Nexus  
  18  1:29  Probe (Chrono Boost)  
  18  1:30  Assimilator  
  19  1:40  Probe (Chrono Boost)  
  19  1:46  Cybernetics Core  
  20  1:50  Probe (Chrono Boost)  
  21  2:01  Probe (Chrono Boost)  
  22  2:07  Pylon  
  22  2:10  Warp Gate  
  22  2:11  Probe (Chrono Boost)  
  23  2:16  Pylon  
  23  2:26  Adept  
  23  2:27  Probe (Chrono Boost)  
  26  2:32  Gateway  
  26  2:38  Mothership Core (Chrono Boost)  
  26  2:39  Probe (Chrono Boost)  
  29  2:45  Pylon  
  29  2:53  Probe (Chrono Boost)  
  29  2:57  Probe (Chrono Boost)  
  31  3:05  Probe (Chrono Boost)  
  32  3:11  Pylon  
  32  3:23  Twilight Council  
  32  3:25  Assimilator  
  32  3:26  Adept  
  34  3:28  Adept  
  34  3:32  Probe (Chrono Boost)  
  34  3:33  Probe (Chrono Boost)  
  38  3:41  Pylon  
  38  3:42  Probe (Chrono Boost)  
  38  3:45  Probe (Chrono Boost)  
  40  3:49  Pylon  
  40  3:57  Probe (Chrono Boost)  
  40  3:58  Pylon, Probe (Chrono Boost)  
  42  4:04  Pylon  
  42  4:06  Dark Shrine  
  42  4:08  Probe (Chrono Boost)  
  42  4:09  Resonating Glaives  
  43  4:31  Pylon  
  43  4:35  Gateway  
  43  4:36  Probe x2 (Chrono Boost), Gateway  
  45  4:38  Assimilator  
  45  4:55  Gateway  
  45  4:57  Probe x2 (Chrono Boost)  
  47  5:09  Probe (Chrono Boost)  
  47  5:16  Probe (Chrono Boost)  
  47  5:19  Adept x2  
  52  5:21  Probe (Chrono Boost)  
  52  5:27  Robotics Facility  
  52  5:43  Probe x2 (Chrono Boost)  
  52  5:45  Dark Templar  
  52  5:46  Dark Templar x2  
  54  6:15  Observer  
  55  6:30  Zealot x4  
  63  6:38  Dark Templar  
  64  6:51  Gateway  
  64  6:54  Dark Templar  
  66  7:02  Nexus  
  66  7:04  Pylon  
  66  7:06  Pylon  
  66  7:14  Dark Templar x2  
  66  7:55  Dark Templar x2  
  66  7:56  Dark Templar  
  67  8:01  Probe x2 (Chrono Boost), Gateway  
  67  8:03  Gateway  
  65  8:06  Assimilator  
  65  8:11  Assimilator  
  65  8:12  Pylon  
  64  8:13  Probe (Chrono Boost)  
  64  8:15  Pylon  
Tags
 
League
GoldGold
Matchup
PvT
Replay Pack
All Mines
Spawn Locations
Cross Positions
Add a new tag
Caveats
  • Supply blocks, unpowered buildings, or Contaminate may cause inaccurate times.
  • Supply counts are checked every 10 seconds.